Map: Jagannatha LE

Players

ShaDoWn

  • Race: Protoss Protoss
  • League: Grandmaster

Vanya - Winner!

  • Race: Zerg Zerg
  • League: Master

Event: DreamHack SC2 Masters 2021 Summer

VOD

Have the link to the VOD?

Description

Time

  • Played on: May 28, 2021, 1:59 p.m.
  • Length: 14:28

All games in this series

Show
View Real Time Build Order
Export as new Build Order

ShaDoWn Protoss 

Build Orders: 1 Gate Expand, Oracle Opening 

Get SALT Encoding   

  12  0:00  Probe  
  13  0:12  Probe  
  14  0:20  Pylon  
  14  0:24  Probe  
  15  0:38  Probe (Chrono Boost)  
  15  0:40  Gateway  
  16  0:48  Probe (Chrono Boost)  
  17  0:53  Probe (Chrono Boost), Assimilator  
  18  1:04  Probe  
  19  1:17  Probe  
  20  1:27  Nexus  
  20  1:37  Cybernetics Core  
  20  1:40  Probe  
  20  1:47  Assimilator  
  21  1:52  Probe  
  22  1:57  Pylon  
  22  2:04  Probe  
  23  2:13  Adept (Chrono Boost)  
  25  2:16  Probe  
  25  2:20  Stargate  
  27  2:30  Probe (Chrono Boost)  
  27  2:31  Warp Gate  
  27  2:32  Adept (Chrono Boost)  
  29  2:39  Probe (Chrono Boost)  
  31  2:48  Probe (Chrono Boost)  
  31  2:49  Probe (Chrono Boost)  
  32  2:54  Probe x2 (Chrono Boost)  
  32  2:55  Adept  
  36  3:04  Oracle (Chrono Boost)  
  39  3:06  Probe  
  39  3:08  Probe  
  41  3:18  Probe  
  42  3:20  Probe  
  43  3:30  Probe  
  43  3:32  Probe, Gateway  
  45  3:42  Probe, Pylon  
  45  3:44  Twilight Council  
  45  3:47  Gateway x2  
  46  4:00  Probe x2  
  44  4:12  Probe x2  
  45  4:19  Adept  
  45  4:21  Resonating Glaives (Chrono Boost)  
  45  4:23  Oracle  
  50  4:24  Probe  
  50  4:26  Probe  
  50  4:28  Pylon  
  52  4:33  Nexus  
  52  4:34  Pylon  
  53  4:39  Assimilator  
  53  4:41  Assimilator  
  52  4:48  Adept x4  
  52  4:52  Probe, Pylon  
  61  4:56  Probe  
  62  5:04  Probe  
  63  5:08  Adept x3  
  63  5:10  Adept  
  63  5:11  Probe  
  72  5:16  Probe  
  72  5:18  Pylon  
  74  5:29  Adept x2  
  74  5:31  Probe  
  78  5:36  Adept x2  
  78  5:38  Probe  
  78  5:39  Robotics Facility  
  83  5:43  Forge  
  83  5:44  Probe x2  
  85  5:51  Adept x2  
  85  5:55  Probe  
  90  6:03  Sentry  
  90  6:04  Sentry  
  90  6:05  Probe  
  90  6:09  Probe  
  90  6:10  Probe  
  89  6:18  Probe  
  90  6:24  Probe, Immortal (Chrono Boost)  
  89  6:29  Sentry  
  89  6:31  Stalker x3  
  98  6:33  Probe  
  98  6:36  Shield Battery  
  99  6:40  Shield Battery  
  99  6:42  Shield Battery  
  99  6:43  Photon Cannon  
  99  6:45  Photon Cannon x2  
  99  6:54  Adept  
  99  7:00  Adept x2  
  99  7:02  Probe  
  99  7:04  Probe  
  97  7:08  Immortal (Chrono Boost)  
  97  7:16  Adept x2  
  101  7:25  Probe  
  85  7:30  Stalker x2  
  85  7:36  Probe  
  90  7:38  Shield Battery, Immortal (Chrono Boost)  
  90  7:41  Adept x2  
  98  7:45  Probe x2  
  98  7:50  Probe  
  88  7:55  Adept x2  
  88  7:58  Probe  
  74  8:04  Adept x2  
  74  8:05  Probe  
  76  8:06  Probe  
  76  8:07  Immortal (Chrono Boost)  
  76  8:11  Gateway  
  81  8:20  Adept  
  81  8:21  Adept  
  81  8:25  Probe  
  81  8:33  Pylon  
  77  8:41  Nexus  
  77  8:42  Pylon  
  77  8:44  Observer (Chrono Boost)  
  77  8:45  Protoss Ground Weapons Level 1  
  78  8:51  Probe x2  
  80  9:03  Probe x2, Sentry  
  80  9:04  Immortal (Chrono Boost)  
  88  9:11  Gateway  
  88  9:14  Gateway, Stalker  
  88  9:15  Probe  
  91  9:19  Assimilator  
  91  9:20  Assimilator  
  91  9:22  Probe  
  92  9:29  Photon Cannon  
  92  9:33  Stalker  
  92  9:35  Pylon  
  92  9:37  Templar Archives  
  94  9:49  Photon Cannon  
  94  9:51  Phoenix (Chrono Boost)  
  96  9:54  Stalker x3  
  102  10:00  Stalker  
  102  10:06  Stalker x2  
  102  10:12  Phoenix (Chrono Boost)  
  104  10:17  Photon Cannon  
  104  10:33  Probe  
  103  10:38  Nexus  
  103  10:39  Phoenix (Chrono Boost)  
  103  10:47  Pylon  
  103  10:48  High Templar x2  
  107  10:53  Archon  
  107  11:01  Phoenix (Chrono Boost)  
  109  11:05  High Templar x2  
  113  11:12  Archon  
  113  11:15  Shield Battery  
  113  11:17  Probe, Photon Cannon  
  114  11:20  Probe  
  114  11:22  Probe  
  115  11:28  Phoenix  
  117  11:39  Probe  
  116  11:40  Probe  
  116  11:41  Assimilator  
  116  11:42  Probe  
  116  11:43  Zealot x3  
  124  11:51  Probe  
  124  11:52  Probe, Phoenix (Chrono Boost)  
  129  11:54  Probe  
  129  11:58  Probe  
  129  12:00  Stargate, Shield Battery  
  130  12:01  High Templar x2  
  130  12:02  Photon Cannon  
  130  12:03  Probe  
  130  12:04  Probe  
  130  12:06  Probe  
  133  12:11  High Templar x2  
  133  12:13  Probe, Assimilator  
  133  12:15  Probe, Archon, Assimilator  
  138  12:16  Probe, Archon, Pylon  
  138  12:17  Photon Cannon  
  138  12:19  Probe  
  132  12:26  Phoenix (Chrono Boost)  
  132  12:27  Probe  
  135  12:36  Nexus  
  135  12:41  Pylon  
  135  12:42  Shield Battery  
  135  12:44  Photon Cannon  
  135  12:46  Pylon  
  135  12:47  Pylon  
  135  12:50  Photon Cannon  
  135  12:57  Pylon  
  135  12:58  Pylon  
  135  13:03  Phoenix (Chrono Boost)  
  139  13:07  Fleet Beacon  
  139  13:10  Phoenix (Chrono Boost)  
  139  13:17  Zealot x2  
  139  13:18  Zealot  
  126  13:32  Zealot x3  
  98  13:53  High Templar x3  
  98  13:54  High Templar, Zealot x3  
  106  13:57  Archon  
  106  13:58  Archon  
  106  14:02  Phoenix x2  
  110  14:08  Probe x3  
  93  14:17  Zealot x2  
  93  14:18  Zealot  
Show
View Real Time Build Order
Export as new Build Order

Vanya Zerg - Winner!

Build Orders: Hatch First 

Get SALT Encoding   

  12  0:00  Drone  
  13  0:12  Overlord  
  13  0:16  Drone  
  14  0:30  Drone x2  
  16  0:48  Hatchery  
  15  0:51  Drone  
  15  0:55  Drone  
  17  0:58  Drone  
  18  1:09  Extractor  
  17  1:14  Spawning Pool  
  17  1:17  Drone  
  17  1:20  Drone  
  18  1:27  Drone  
  19  1:39  Drone  
  20  1:50  Overlord  
  20  2:00  Queen x2  
  25  2:01  Zergling x4  
  26  2:10  Drone  
  26  2:12  Drone, Metabolic Boost  
  28  2:21  Drone x2  
  30  2:36  Hatchery  
  29  2:40  Drone  
  29  2:41  Drone  
  31  2:47  Queen  
  33  2:53  Drone, Zergling x2  
  33  2:57  Drone  
  36  3:03  Overlord x2  
  36  3:18  Drone  
  34  3:22  Zergling x6  
  34  3:25  Drone x2  
  36  3:30  Drone, Queen  
  39  3:36  Drone  
  40  3:44  Drone, Spore Crawler  
  40  3:48  Drone x2  
  42  3:51  Drone  
  42  3:54  Queen  
  45  3:58  Drone x3  
  45  4:01  Drone  
  47  4:03  Drone  
  47  4:04  Drone  
  47  4:06  Drone  
  47  4:09  Drone  
  49  4:12  Drone  
  49  4:13  Drone  
  49  4:14  Drone  
  52  4:19  Queen  
  52  4:23  Drone  
  55  4:24  Drone  
  55  4:28  Drone x2, Spore Crawler  
  57  4:35  Roach Warren, Overlord  
  56  4:41  Overlord  
  56  4:42  Drone  
  57  4:48  Lair  
  57  4:49  Extractor x2  
  57  4:51  Drone x2  
  57  4:55  Drone x4  
  57  4:59  Drone x3  
  60  5:09  Drone  
  60  5:11  Overlord  
  61  5:16  Roach  
  61  5:17  Roach x3  
  69  5:26  Overlord x2  
  69  5:27  Roach x2  
  69  5:28  Overlord  
  73  5:31  Roach  
  73  5:35  Roach x2  
  79  5:38  Roach  
  81  5:45  Roach x4  
  81  5:48  Glial Reconstitution  
  89  5:54  Roach x2  
  93  6:01  Roach  
  93  6:02  Roach  
  93  6:05  Roach  
  93  6:06  Roach  
  93  6:07  Zergling x12  
  94  6:16  Zergling x12  
  97  6:23  Zergling x6  
  95  6:30  Zergling x2  
  95  6:31  Zergling x4  
  98  6:39  Ravager  
  100  6:40  Zergling x10  
  100  6:41  Ravager  
  100  6:42  Ravager  
  100  6:46  Overlord  
  105  6:58  Zergling x12  
  101  7:05  Zergling x12  
  100  7:15  Zergling x2  
  100  7:16  Zergling x8  
  100  7:18  Zergling x2  
  102  7:26  Zergling x10  
  100  7:36  Zergling x8  
  102  7:39  Zergling x2  
  94  7:48  Zergling x6  
  89  7:56  Zergling x4  
  82  8:01  Extractor, Spire  
  77  8:06  Drone x7  
  77  8:11  Drone x2  
  77  8:12  Drone  
  83  8:19  Drone  
  81  8:20  Drone  
  81  8:25  Drone  
  70  8:29  Roach x3  
  70  8:34  Roach x2  
  69  8:38  Roach x3  
  73  8:42  Queen  
  73  8:43  Roach  
  73  8:44  Roach x2  
  73  8:48  Ravager x2  
  81  9:03  Drone  
  82  9:12  Mutalisk x9  
  82  9:15  Extractor, Overlord  
  82  9:16  Extractor  
  98  9:22  Drone x2  
  100  9:26  Evolution Chamber  
  100  9:29  Drone x5  
  104  9:33  Zerg Flyer Weapons Level 1  
  104  9:43  Drone x2  
  105  9:50  Overlord  
  104  9:55  Zerg Missile Weapons Level 1  
  104  9:57  Hatchery  
  103  10:06  Mutalisk  
  105  10:10  Drone x2  
  107  10:15  Mutalisk x3  
  107  10:17  Drone  
  114  10:22  Overlord x2  
  114  10:23  Overlord  
  114  10:24  Extractor  
  114  10:25  Extractor  
  114  10:27  Mutalisk  
  114  10:39  Hatchery  
  114  10:41  Drone, Mutalisk x5  
  124  10:45  Drone  
  124  10:46  Drone x3  
  128  10:50  Drone x2  
  128  10:53  Drone  
  131  10:59  Overlord  
  131  11:00  Mutalisk x2  
  131  11:03  Overlord  
  135  11:04  Mutalisk  
  135  11:10  Mutalisk  
  135  11:11  Mutalisk  
  139  11:12  Drone  
  139  11:15  Overlord  
  142  11:25  Mutalisk x3  
  142  11:27  Zergling x8  
  142  11:28  Zergling x2  
  153  11:39  Mutalisk x3  
  145  11:46  Roach x5  
  150  11:55  Drone x8  
  154  12:03  Ravager x4  
  154  12:06  Drone x5  
  163  12:10  Drone x3  
  163  12:11  Drone  
  163  12:12  Drone  
  168  12:21  Overlord  
  167  12:27  Overlord  
  167  12:33  Roach x7  
  173  12:40  Overlord x2  
  173  12:41  Ravager x3  
  173  12:42  Ravager x3  
  179  12:46  Drone x2  
  179  12:50  Zergling x14  
  188  12:59  Zergling x4  
  188  13:02  Ravager x3  
  188  13:03  Ravager x2  
  188  13:05  Drone x2, Spine Crawler, Spore Crawler  
  196  13:07  Zergling x2  
  196  13:08  Zergling x6  
  174  13:29  Roach x5  
  174  13:30  Roach x11  
  177  13:38  Roach x8  
  174  13:45  Zergling x2  
  174  13:46  Zergling x12  
  181  13:49  Roach  
  181  13:50  Ravager x2  
  181  13:54  Roach x3  
  191  14:02  Spine Crawler  
  190  14:04  Roach  
  190  14:05  Roach x4  
Tags
 
Add a new tag
Caveats
  • Supply blocks, unpowered buildings, or Contaminate may cause inaccurate times.
  • Supply counts are checked every 10 seconds.